Map: Orbital Shipyard

Players

Daywalker - Winner!

  • Race: Terran Terran
  • League: Diamond

LindyHop

  • Race: Zerg Zerg
  • League: Platinum

VOD

Have the link to the VOD?

Description

Time

  • Played on: Jan. 19, 2016, 8:06 p.m.
  • Length: 20:21
Show
View Real Time Build Order
Export as new Build Order

Daywalker Terran - Winner!

Build Orders: Reaper Expand, Banshee Rush 

Get SALT Encoding   

  12  0:01  SCV  
  13  0:13  SCV  
  14  0:17  Supply Depot  
  14  0:25  SCV  
  15  0:39  SCV  
  15  0:40  Barracks  
  16  0:46  Refinery  
  16  0:51  SCV  
  17  1:03  SCV  
  18  1:15  SCV  
  19  1:29  Orbital Command  
  19  1:30  Reaper  
  20  2:01  Supply Depot  
  20  2:02  SCV  
  20  2:07  Command Center  
  21  2:14  SCV  
  22  2:16  Marine  
  22  2:17  Refinery  
  23  2:24  Factory  
  23  2:26  SCV  
  24  2:34  Marine  
  24  2:35  Supply Depot  
  25  2:39  SCV  
  26  2:51  SCV  
  27  3:03  SCV  
  27  3:05  Marine  
  29  3:12  Factory Tech Lab  
  28  3:13  Starport  
  28  3:15  SCV  
  29  3:23  Marine  
  29  3:25  Orbital Command  
  30  3:27  SCV  
  31  3:38  Factory Reactor  
  31  3:46  Barracks  
  31  3:50  Barracks Reactor, Barracks  
  31  3:51  Barracks  
  31  3:54  SCV x2  
  33  3:57  Banshee, Cloaking Field  
  36  4:06  SCV  
  36  4:08  SCV  
  38  4:18  SCV  
  38  4:19  Hellion x2  
  38  4:20  SCV  
  44  4:28  Marine x2  
  44  4:30  SCV  
  47  4:32  SCV  
  47  4:33  Supply Depot  
  47  4:37  Barracks Tech Lab  
  48  4:39  Barracks Reactor  
  48  4:40  Hellion x2  
  48  4:42  SCV  
  48  4:44  SCV  
  54  4:56  Marine  
  54  4:57  Marauder, Marine  
  54  4:58  Stimpack  
  54  4:59  Medivac  
  60  5:03  SCV x2  
  62  5:11  Command Center  
  62  5:39  Barracks  
  62  5:40  SCV, Barracks x2, Marine x2  
  62  5:49  Supply Depot  
  62  5:50  Supply Depot  
  62  5:52  Supply Depot  
  62  6:00  Refinery  
  62  6:02  Refinery  
  62  6:11  SCV, Marauder, Siege Tank, Marine x2  
  70  6:12  SCV, Medivac x2, Marine x2  
  77  6:23  SCV  
  77  6:24  SCV  
  79  6:27  Barracks Tech Lab  
  79  6:28  Barracks Reactor, Barracks Tech Lab  
  79  6:32  Marauder  
  79  6:33  Marine x3  
  82  6:43  Orbital Command  
  82  6:45  SCV x2  
  84  6:51  Siege Tank  
  84  6:53  Marine x3  
  94  6:54  Marine, Marauder x2  
  94  6:55  Marauder  
  94  6:57  SCV x2  
  99  7:04  Supply Depot  
  99  7:06  Supply Depot  
  99  7:07  Engineering Bay  
  99  7:08  Engineering Bay  
  99  7:09  SCV x2  
  101  7:26  Marauder x3, Marine x2  
  101  7:27  Medivac x2, Marine x4  
  117  7:30  Refinery  
  117  7:32  Refinery  
  117  7:43  Terran Infantry Weapons Level 1, Terran Infantry Armor Level 1  
  117  8:02  Supply Depot  
  117  8:04  Supply Depot x2  
  117  8:15  Factory  
  117  8:24  SCV, Marauder, Siege Tank, Marine x2  
  117  8:25  SCV x2, Marine x4  
  117  8:26  Marauder x2  
  135  8:36  SCV, Medivac x2  
  135  8:37  SCV  
  141  8:45  Supply Depot x2  
  141  8:46  Supply Depot  
  141  8:47  Supply Depot  
  141  8:48  Supply Depot  
  141  8:52  SCV, Marine  
  141  8:54  Marauder x2  
  141  8:56  Missile Turret  
  141  8:59  Missile Turret  
  141  9:02  Missile Turret  
  141  9:06  Factory Tech Lab, Siege Tank, SCV x3, Marine x5  
  152  9:16  Liberator x2  
  152  9:18  SCV  
  153  9:28  SCV x2  
  155  9:32  Command Center  
  155  9:35  Siege Tank  
  164  9:38  Siege Tank  
  164  9:40  Marine x6  
  164  9:42  Marauder x3  
  179  9:51  Armory  
  179  10:22  Marine x2  
  181  10:28  Marine x4  
  181  10:29  Marauder x3  
  123  10:41  Marine x2  
  123  10:46  Marine  
  123  10:48  Marine x3  
  120  10:50  Marine, Factory Reactor, Marauder x2  
  119  11:04  Marine x2  
  119  11:05  Marine  
  119  11:06  Marine  
  119  11:08  SCV x3  
  119  11:09  Orbital Command, Factory Reactor, Marauder  
  128  11:11  Marauder, Marine x2  
  128  11:12  Marine  
  128  11:13  Medivac  
  128  11:14  Medivac  
  137  11:23  SCV  
  137  11:24  SCV x2  
  140  11:27  Marine  
  140  11:28  Marine  
  140  11:30  Marauder x2  
  148  11:33  Supply Depot, Missile Turret, Marauder  
  148  11:35  Terran Infantry Weapons Level 2, Missile Turret x2, Terran Infantry Armor Level 2  
  148  11:36  SCV x3  
  148  11:37  Orbital Command  
  148  11:39  Missile Turret  
  153  11:40  Missile Turret  
  153  11:41  Missile Turret  
  153  11:42  Marine x2  
  153  11:43  Marine x2  
  153  11:46  Marine x2  
  157  11:51  Widow Mine x4  
  165  12:02  Liberator x2  
  170  12:19  Widow Mine  
  173  12:23  Widow Mine x3  
  179  12:30  Missile Turret x2  
  179  12:32  Marine x3  
  179  12:33  Marine x3  
  179  12:34  Marauder x3  
  190  12:38  Command Center, Missile Turret  
  190  12:43  Missile Turret  
  190  12:45  Missile Turret  
  190  12:48  Widow Mine  
  191  12:52  Widow Mine x3  
  192  13:17  Medivac  
  192  13:18  Medivac  
  196  13:26  Orbital Command  
  196  13:38  Missile Turret  
  196  13:39  Missile Turret  
  196  13:41  Missile Turret  
  196  13:43  Command Center, Missile Turret  
  196  13:44  Missile Turret  
  196  13:45  Missile Turret  
  196  13:47  Medivac  
  196  13:48  Medivac  
  192  13:56  Marine x6  
  192  13:57  Marauder x2, Marine  
  192  13:59  Widow Mine x2  
  149  14:42  Factory Reactor  
  149  14:48  Marine x4  
  149  14:49  Marauder x2, Marine x2  
  149  14:50  Marauder  
  149  14:52  Factory Reactor  
  161  14:59  Planetary Fortress, Refinery  
  161  15:00  Refinery  
  161  15:01  Medivac x2  
  165  15:11  Marauder  
  167  15:15  Marine x2  
  167  15:16  Marine x4  
  167  15:17  Marauder x2  
  177  15:30  Terran Infantry Weapons Level 3, Terran Infantry Armor Level 3  
  177  15:32  Marauder  
  132  15:58  Marine x6  
  132  15:59  Marauder, Marine x2  
  136  16:08  Widow Mine x2  
  136  16:09  Widow Mine x2  
  141  16:12  Medivac x2  
  141  16:17  Marauder x2  
  146  16:24  Marine x4  
  146  16:25  Marine  
  151  16:35  Marine, Marauder  
  158  16:42  Medivac x2  
  157  16:49  Marine x3  
  157  16:50  Marauder, Marine x2  
  157  16:51  Marauder  
  137  17:12  Viking  
  137  17:13  Viking  
  137  17:21  Starport  
  137  17:22  Starport  
  137  17:31  Marine x3  
  137  17:32  Marine x4  
  137  17:33  Marauder x2  
  148  17:42  Viking  
  148  17:43  Viking, Terran Ship Weapons Level 1  
  147  17:48  Factory Tech Lab  
  143  17:53  Marine x6  
  143  17:55  Marauder x3  
  155  17:59  Thor  
  155  18:02  Viking, Refinery  
  155  18:03  Viking  
  165  18:05  Missile Turret  
  165  18:06  Missile Turret x2  
  165  18:07  Command Center, Missile Turret x3  
  165  18:11  Refinery  
  165  18:12  Starport Reactor  
  133  18:47  Marine x6  
  133  18:48  Marauder x3  
  133  18:53  Viking x5  
  133  18:54  Viking  
  139  19:20  Command Center  
  139  19:23  Viking x2  
  143  19:25  Command Center  
  120  19:46  Viking x2  
  120  19:47  Viking x2  
  107  20:00  Marine x2  
Show
View Real Time Build Order
Export as new Build Order

LindyHop Zerg 

Build Orders: Hatch First, Muta Ling Bane 

Get SALT Encoding   

  12  0:01  Drone  
  13  0:12  Overlord  
  13  0:17  Drone  
  14  0:30  Drone x2  
  14  0:34  Drone  
  17  0:54  Hatchery  
  16  0:58  Drone  
  17  1:11  Spawning Pool  
  17  1:14  Drone  
  17  1:23  Drone x2, Extractor  
  19  1:32  Drone  
  19  1:43  Overlord  
  19  1:53  Drone  
  20  1:59  Queen  
  22  2:01  Zergling x2  
  22  2:06  Queen  
  25  2:15  Zergling x4  
  26  2:22  Zergling x2  
  27  2:41  Drone x4  
  27  2:42  Queen  
  33  2:46  Queen  
  35  3:05  Roach Warren  
  34  3:07  Drone x2  
  34  3:12  Overlord x2  
  36  3:30  Hatchery  
  35  3:34  Drone  
  35  3:35  Drone  
  38  3:48  Drone x3  
  38  3:49  Drone x3  
  43  3:56  Extractor  
  43  4:00  Metabolic Boost  
  42  4:03  Lair  
  42  4:08  Overlord  
  42  4:13  Drone x2  
  43  4:27  Spore Crawler  
  43  4:28  Spore Crawler  
  43  4:29  Drone x5  
  46  4:48  Roach x6  
  55  5:04  Spore Crawler  
  55  5:06  Roach x4  
  62  5:08  Overlord  
  62  5:13  Spine Crawler  
  61  5:17  Overseer  
  61  5:24  Overlord  
  61  5:27  Overlord, Roach x3  
  66  5:41  Overlord x2  
  66  5:45  Zergling x4  
  66  5:46  Zergling x6  
  71  5:52  Extractor  
  71  5:53  Drone x2  
  71  5:54  Extractor  
  71  6:23  Drone  
  71  6:24  Drone x13  
  85  6:37  Drone  
  85  6:39  Drone x3, Extractor  
  88  6:41  Extractor  
  88  6:42  Spire  
  88  6:47  Drone x4  
  89  7:07  Baneling Nest  
  89  7:08  Drone x3  
  91  7:09  Evolution Chamber, Drone x3  
  93  7:22  Overlord x4  
  93  7:25  Overseer  
  93  7:34  Drone x4  
  93  7:35  Overlord x2  
  93  7:36  Zerg Ground Armor Level 1  
  97  7:52  Centrifical Hooks  
  97  7:56  Zerg Flyer Weapons Level 1  
  97  8:06  Mutalisk x6  
  97  8:08  Overlord x2  
  109  8:21  Mutalisk x2  
  109  8:26  Mutalisk  
  113  8:31  Evolution Chamber, Zergling x2  
  113  8:32  Hatchery, Zergling x6  
  113  8:33  Baneling  
  117  8:49  Mutalisk  
  117  8:50  Mutalisk x3  
  125  9:00  Mutalisk  
  127  9:04  Zerg Missile Weapons Level 1  
  127  9:13  Zergling x2  
  127  9:14  Hydralisk Den, Zergling x30  
  142  9:21  Drone  
  143  9:30  Baneling x2  
  143  9:31  Baneling x8  
  142  9:35  Zergling x8  
  146  9:54  Drone x8  
  154  10:07  Baneling x5  
  154  10:08  Zergling x6  
  154  10:09  Zergling x16  
  156  10:33  Zergling x12  
  156  10:34  Zergling x14  
  146  10:36  Zergling x2  
  146  10:40  Zergling x10  
  152  10:46  Zergling x2  
  152  10:47  Zergling x6  
  156  10:50  Hydralisk  
  156  10:51  Hydralisk  
  156  10:55  Mutalisk  
  162  11:02  Zerg Flyer Weapons Level 2  
  161  11:15  Drone x7, Extractor x2  
  166  11:34  Drone  
  166  11:35  Drone  
  166  11:36  Overlord x3  
  166  11:37  Overlord x3  
  168  11:47  Baneling x6  
  168  11:48  Baneling x7  
  168  11:49  Baneling x2  
  168  11:58  Zerg Missile Weapons Level 2  
  168  11:59  Zerg Ground Armor Level 2  
  168  12:00  Hydralisk, Muscular Augments  
  168  12:01  Hydralisk x15  
  200  12:08  Infestation Pit  
  199  12:27  Overlord x5  
  198  12:46  Drone x2  
  198  12:51  Spore Crawler  
  199  12:52  Spine Crawler  
  199  12:53  Spine Crawler  
  197  13:14  Overseer x4  
  197  13:19  Hive  
  196  14:03  Drone  
  196  14:04  Drone x2  
  135  14:40  Zergling x30  
  135  14:42  Corruptor x6  
  135  14:43  Corruptor x3  
  168  14:55  Greater Spire  
  168  15:02  Drone  
  168  15:03  Drone x5  
  174  15:18  Corruptor x3  
  174  15:21  Zergling x8  
  184  15:27  Zergling x2  
  184  15:28  Zergling x12  
  191  15:42  Zergling x22  
  153  15:53  Zergling x2  
  153  15:54  Zergling x14  
  141  16:01  Zergling x2  
  126  16:04  Zergling x2  
  126  16:07  Zergling x2  
  126  16:08  Zergling x2  
  116  16:15  Brood Lord x8  
  116  16:16  Overseer, Brood Lord x2  
  116  16:17  Overseer x5  
  118  16:26  Zergling x2  
  118  16:27  Zergling x12  
  118  16:31  Zerg Melee Weapons Level 1  
  118  16:32  Zerg Ground Armor Level 3  
  121  16:41  Hatchery  
  121  16:44  Hatchery, Zergling x2  
  121  16:45  Zergling x6  
  116  16:57  Zergling x2  
  116  16:58  Zergling x6  
  114  17:04  Corruptor x2  
  114  17:07  Zergling x2  
  117  17:30  Ultralisk Cavern  
  117  17:34  Corruptor x7  
  130  18:09  Corruptor x2  
  130  18:10  Corruptor x4  
  138  18:36  Zergling x2  
  138  18:37  Zergling x4  
  133  18:47  Zergling x2  
  133  18:48  Zergling x10  
  127  18:54  Zergling x2  
  127  18:55  Zergling x2  
  107  19:01  Brood Lord  
  107  19:02  Brood Lord x3  
  111  19:03  Zergling x2  
  111  19:04  Zergling x2  
  113  19:13  Zergling x2  
  113  19:15  Baneling  
  113  19:16  Baneling x5  
  114  19:19  Baneling x2  
  114  19:20  Baneling x2  
  114  19:23  Zergling x2  
  114  19:24  Zergling x4  
  103  19:46  Zergling x14  
  103  19:47  Zergling x2  
  103  19:52  Corruptor x2, Zergling x2  
  94  20:03  Zergling x2  
  94  20:04  Zergling x4  
Tags
 
Add a new tag
Caveats
  • Supply blocks, unpowered buildings, or Contaminate may cause inaccurate times.
  • Supply counts are checked every 10 seconds.